 Dungeon Crawl Stone Soup version 0.29-a0-275-g389c0b56f3 (webtiles) character file.

Game seed: 14078135077440380706

16 jimonade the Covered (level 2, -3/19 HPs)
             Began as a Gargoyle Fighter on Mar 11, 2022.
             Slain by a quokka (4 damage)
             ... on level 1 of the Dungeon.
             The game lasted 00:02:13 (589 turns).

jimonade the Covered (Gargoyle Fighter)              Turns: 589, Time: 00:02:14

Health: -3/19      AC:  9    Str: 19    XL:     2   Next: 54%
Magic:  2/2        EV:  9    Int:  8    God:
Gold:   35         SH:  4    Dex:  9    Spells: 1/1 levels left

rFire   . . .      SeeInvis .   a - +0 flail
rCold   . . .      Faith    .   c - +0 buckler
rNeg    + . .      Spirit   .   b - +0 scale mail
rPois   ∞          Reflect  .   (no helmet)
rElec   +          Harm     .   (no cloak)
rCorr   .          Rampage  .   (no gloves)
Will    .....                   (no boots)
Stlth   ..........              (no amulet)
HPRegen 0.06/turn               (no ring)
MPRegen 0.08/turn               (no ring)

@: no status effects
A: sickness immunity, AC +2, negative energy resistance 1, electricity
resistance, torment resistance 1, petrification resistance
a: no special abilities


You were on level 1 of the Dungeon.
You visited 1 branch of the dungeon, and saw 1 of its levels.

You collected 35 gold pieces.

Inventory:

Hand Weapons
 a - a +0 flail (weapon)
 e - a +0 whip
 g - a +0 hunting sling
Armour
 b - a +0 scale mail (worn)
 c - a +0 buckler (worn)
 j - a +0 chain mail
 k - a +0 ring mail
Scrolls
 h - a scroll of magic mapping {unknown}
Potions
 d - a potion of might
 f - a potion of curing {unknown}
 i - a potion of attraction {unknown}


   Skills:
 * Level 3.5 Fighting
 * Level 2.2 Maces & Flails
 * Level 3.6 Armour
 * Level 3.5 Shields


You had one spell level left.
You didn't know any spells.
Your spell library was empty.

Dungeon Overview and Level Annotations

Branches:
Dungeon (1/15)

Altars:


Innate Abilities, Weirdness & Mutations

You are immune to sickness and miasma.
Your stone body is resilient. (AC +2)
You are immune to poison.
You resist negative energy. (rN+)
You are resistant to electric shocks. (rElec)
You are resistant to unholy torment.
You are immune to petrification.


Message History

The quokka bites you. The kobold hits you but does no damage.
The frilled lizard barely misses you.
You hit the frilled lizard but do no damage.
The frilled lizard is heavily wounded.
The quokka bites you. The kobold hits you with a +0 dagger.
The frilled lizard bites you but does no damage.
The quokka closely misses you.
You hit the frilled lizard.
You kill the frilled lizard!
The bat hits you but does no damage. x2; The kobold closely misses you.
The quokka bites you but does no damage.
You hit the kobold but do no damage. The bat hits you but does no damage.
The quokka completely misses you. You block the kobold's attack.
The quokka barely misses you. You block the kobold's attack.
You hit the kobold.
The kobold is severely wounded.
The bat closely misses you. The quokka closely misses you.
The kobold hits you with a +0 dagger.
* * * LOW HITPOINT WARNING * * *
You block the quokka's attack.
You hit the kobold but do no damage.
The kobold is severely wounded.
The bat hits you.
* * * LOW HITPOINT WARNING * * *
The kobold hits you but does no damage. The quokka barely misses you.
You closely miss the kobold.
The kobold is severely wounded.
The quokka bites you but does no damage.
The kobold hits you but does no damage. The bat hits you but does no damage.
The quokka bites you but does no damage.
You block the kobold's attack.
You closely miss the kobold.
The kobold is severely wounded.
The bat closely misses you. The bat barely misses you. The quokka bites you.
* * * LOW HITPOINT WARNING * * *
You block the kobold's attack.
You sock the kobold!
You kill the kobold!
The bat closely misses you. The quokka bites you.
You die...

#......##
#######..#...#.#......
.......#
.....#......>.#.#####
#.....## . #.
..#........#.# ....#.##
#$ #..#.##.......#.#
#......#
#..#..#.#........#.#
.......+
###_####'........#.#
##.....#
..#..#.#...#....#.#
.##....#
#..#b#........#.#
#.######
#...@#..###...#.# ##.##
......r.##.......#.#####
.##.#
##########..##.#.#......
#.#.# ##.##.#.#......
#.#.## #.##.#.#...†##
#.#.P# #.##.#.#.##...
#.#.## #..#.#.#......
#.#.# ##.#)#.#.....#
.##.# #####.#.#.#####.#


You could see a quokka and a bat.

Vanquished Creatures
  2 dart slugs (D:1)
  A bat (D:1)
  3 goblins (D:1)
  2 kobolds (D:1)
  2 frilled lizards (D:1)
  4 rats (D:1)
14 creatures vanquished.

Notes
Turn   | Place    | Note
-------+----------+-------------------------------------------
     0 | D:1      | jimonade the Gargoyle Fighter began the quest for the Orb.
     0 | D:1      | Reached XP level 1. HP: 14/14 MP: 1/1
   196 | D:1      | Reached XP level 2. HP: 19/19 MP: 2/2
   526 | D:1      | Found a faded altar of an unknown god.
   589 | D:1      | Slain by a quokka

Illustrated notes

Levels and vault maps discovered:
D:1:      nagdon_arrival_double_spiral, layout_basic,
          shapermc_ecumenical_altar_notcrosses

Action                   || total
-------------------------++-------
Melee: Flail             ||    47
Armor: Scale mail        ||    43
Dodge: Dodged            ||    39
Block: Buckler           ||    16

Table legend: (Time is in decaauts)
 A = Elapsed time spent in this place.
 B = Non-inter-level travel time spent in this place.
 C = Inter-level travel time spent in this place.
 D = Time resting spent in this place.
 E = Time spent auto-exploring this place.
 F = Levels seen in this place.
 G = Mean time per level.
                   A        B        C        D        E       F      G
               +--------+--------+--------+--------+--------+-----+--------+
         Total |    604 |    604 |      0 |      0 |    404 |   1 |  604.0 |
       Dungeon |    604 |    604 |      0 |      0 |    404 |   1 |  604.0 |
               +--------+--------+--------+--------+--------+-----+--------+

Top non-repeatable levels by time:
     D:1: 604 daAuts
